 Dungeon Crawl Stone Soup version 0.22-a0-248-gc8378ba (webtiles) character file.

249 mathieu the Shield-Bearer (level 6, -3/48 HPs)
             Began as a Formicid Fighter on Feb 28, 2018.
             Was an Initiate of Okawaru.
             Slain by Salmacis's ghost (15 damage)
             ... on level 3 of the Dungeon.
             The game lasted 00:04:07 (2559 turns).

mathieu the Shield-Bearer (Formicid Fighter)        Turns: 2559, Time: 00:04:07

Health: -3/48      AC:  7    Str: 22    XL:     6   Next: 34%
Magic:  6/6        EV:  9    Int:  7    God:    Okawaru [......]
Gold:   44         SH: 10    Dex: 11    Spells: 5/5 levels left

rFire    . . .     SeeInvis +   a - +0 quarterstaff
rCold    . . .     Gourm    .   c - +0 shield
rNeg     . . .     Faith    .   b - +0 scale mail
rPois    .         Spirit   .   (helmet unavailable)
rElec    .         Reflect  .   (no cloak)
rCorr    .         Harm     .   (no gloves)
MR       .....                  (no boots)
Stlth    ..........             (no amulet)
HPRegen  0.16/turn              (no ring)
MPRegen  0.10/turn              (no ring)

@: no status effects
A: permanent stasis, dig shafts and tunnels, four strong arms, antennae 3
a: Dig, Shaft Self, Renounce Religion


You were on level 3 of the Dungeon.
You worshipped Okawaru.
Okawaru was noncommittal.
You were not hungry.

You visited 1 branch of the dungeon, and saw 3 of its levels.

You collected 44 gold pieces.

Inventory:

Hand Weapons
 a - a +0 quarterstaff (weapon)
Armour
 b - a +0 scale mail (worn)
 c - a +0 shield (worn)
Scrolls
 e - 2 scrolls of remove curse {unknown}
 i - a scroll of teleportation {unknown}
 j - a scroll of blinking {unknown}
 m - 2 scrolls of identify {unknown}
Potions
 d - a potion of might
 g - a potion of degeneration {unknown}
 h - a potion of berserk rage {unknown}
 k - a potion of brilliance {unknown}
 l - a potion of ambrosia {unknown}
 n - a potion of lignification {unknown}
 o - a potion of agility {unknown}
Comestibles
 f - 4 rations


   Skills:
 + Level 4.1 Fighting
 + Level 4.2 Staves
 + Level 4.1 Armour
 + Level 1.5 Dodging
 + Level 0.3 Stealth
 + Level 4.5 Shields


You had 5 spell levels left.
You didn't know any spells.

Dungeon Overview and Level Annotations

Branches:
Dungeon (3/15)

Altars:
Kikubaaqudgha
Okawaru
Uskayaw

Annotations:
D:3 Grinder; Salmacis's ghost, novice FoFi


Innate Abilities, Weirdness & Mutations

You cannot be hasted, slowed, berserked, paralysed or teleported.
You can dig through walls and to a lower floor.
Your four strong arms can wield two-handed weapons with a shield.
You have a pair of large antennae on your head. (SInv)


Message History

You are too injured to fight recklessly!
You are too injured to fight recklessly!
You are too injured to fight recklessly!
You are too injured to fight recklessly!
Grinder blinks!
You see here a stone.
You hit Salmacis's ghost.
Salmacis's ghost is lightly damaged.
Salmacis's ghost hits you.
You barely miss Salmacis's ghost.
Salmacis's ghost is lightly damaged.
Salmacis's ghost hits you!
* * * LOW HITPOINT WARNING * * *
You closely miss Salmacis's ghost.
Salmacis's ghost is lightly damaged.
You block Salmacis's ghost's attack.
You miss Salmacis's ghost.
Salmacis's ghost is lightly damaged.
Salmacis's ghost hits you!
You die...

#...........###
#.#
....[.........##
### #.#
#.......####...#
#.#####.##
#.......#..#...#
#........#
#.......#.(#._.#
#.########
##......#.(#...#
#.#
##......####...#
#.# #
............(###.#
#
........###.5W@..#
# ....... #.######
....... #.#
......> #.#
....... #.#
....... ..#
#..###. ###


You could see Grinder, 2 dancing weapons and Salmacis's ghost.

Vanquished Creatures
  A vampire bat (D:2)
  A centaur skeleton (D:2)
  Terence (D:2)
  4 gnolls
  5 adders (D:2)
  A worm (D:2)
  4 dart slugs
  A leopard gecko (D:3)
  A ball python (D:3)
  3 bats
  3 bat skeletons (D:2)
  2 bat zombies (D:2)
  A giant cockroach (D:1)
  7 goblins
  11 hobgoblins
  6 frilled lizards
  6 kobolds
  A quokka skeleton (D:2)
  6 rats
65 creatures vanquished.

Notes
Turn   | Place    | Note
-------+----------+-------------------------------------------
     0 | D:1      | mathieu the Formicid Fighter began the quest for the Orb.
     0 | D:1      | Reached XP level 1. HP: 18/18 MP: 1/1
    83 | D:1      | Reached XP level 2. HP: 15/24 MP: 2/2
   123 | D:1      | Reached XP level 3. HP: 23/30 MP: 3/3
   731 | D:2      | Reached skill level 1 in Dodging
  1154 | D:2      | Reached XP level 4. HP: 37/37 MP: 4/4
  1207 | D:2      | Found an ancient bone altar of Kikubaaqudgha.
  1301 | D:2      | Reached XP level 5. HP: 35/42 MP: 5/5
  1356 | D:2      | Noticed Terence
  1364 | D:2      | Killed Terence
  1555 | D:2      | Found an iron altar of Okawaru.
  1595 | D:2      | Reached XP level 6. HP: 43/48 MP: 6/6
  1646 | D:2      | Became a worshipper of Warmaster Okawaru
  2487 | D:3      | Noticed a dagger
  2488 | D:3      | Noticed a dagger
  2531 | D:3      | Noticed Grinder
  2533 | D:3      | Found a hide-covered altar of Uskayaw.
  2537 | D:3      | Noticed Salmacis's ghost (novice FoFi)
  2559 | D:3      | Slain by Salmacis's ghost

Vault maps used:
D:1:      eino_arrival_druids_welcome, minmay_misc_feat_diagonals
D:2:      kennysheep_vampire_church, okawaru_altar_gauntlet_db, uniq_terence
D:3:      dancing_weapons_uskayaw, lightli_temple_of_fire,
          nicolae_tso_carved_into_rock, uniq_grinder

Skill      XL: |  1  2  3  4  5  6 |
---------------+-------------------+-----
Shields        | 4 |  4.5
Dodging        | 1 |  1.5
Staves         | 3 4 |  4.2
Armour         | 4 |  4.1
Fighting       | 4 |  4.1
Stealth        | |  0.3

Action                   |  1- 3 |  4- 6 || total
-------------------------+-------+-------++-------
Melee: Quarterstaff      |    82 |   157 ||   239
  Eat: Chunk             |       |     6 ||     6
Armor: Scale mail        |    33 |    87 ||   120
Dodge: Dodged            |    18 |    62 ||    80
Block: Shield            |    37 |    88 ||   125

Table legend:
 A = Spawn XP
 B = Non-spawn XP
 C = Spawn XP percentage of total XP
 D = Spawn monster count
 E = Non-spawn monster count
 F = Spawn count percentage of total count
 G = Total turns spent on level
                    A         B        C        D         E        F      G
               +---------+---------+-------+---------+---------+-------+---------
         Total |       0 |     356 |   0.0 |       0 |      65 |   0.0 |  2559
               +---------+---------+-------+---------+---------+-------+---------
           D:1 |       0 |      53 |   0.0 |       0 |      24 |   0.0 |  1135
           D:2 |       0 |     296 |   0.0 |       0 |      38 |   0.0 |  1273
           D:3 |       0 |       7 |   0.0 |       0 |       3 |   0.0 |   151
               +---------+---------+-------+---------+---------+-------+---------
